 Dungeon Crawl Stone Soup version 0.21.1-1-g345015fe64 (webtiles) character file.

9119 Fakhal the Eclecticist (level 11, -5/54 HPs)
             Began as a Deep Elf Conjurer on Apr 3, 2018.
             Was a Priest of Vehumet.
             Slain by an orc warrior
             ... wielding a +0 trident
              (22 damage)
             ... on level 10 of the Dungeon on Apr 15, 2018.
             The game lasted 02:11:03 (14753 turns).

Fakhal the Eclecticist (Deep Elf Conjurer)         Turns: 14753, Time: 02:11:04

Health: -5/54      AC:  5    Str: 10    XL:     11   Next: 18%
Magic:  19/32      EV: 13    Int: 24    God:    Vehumet [***...]
Gold:   528        SH:  0    Dex: 15    Spells: 25/40 levels left

rFire    x . .     SeeInvis .   (no weapon)
rCold    + . .     Gourm    .   (no shield)
rNeg     . . .     Faith    .   t - +0 robe
rPois    .         Spirit   .   (no helmet)
rElec    .         Reflect  .   q - +1 cloak
rCorr    .         Harm     .   B - +0 pair of gloves
MR       +....                  (no boots)
Stlth    ++........             (no amulet)
HPRegen  0.18/turn              e - ring of wizardry
MPRegen  0.23/turn              u - ring of ice

@: mighty, about to teleport
A: no striking features
a: Renounce Religion


You were on level 10 of the Dungeon.
You worshipped Vehumet.
Vehumet was most pleased with you.
You were not hungry.

You visited 2 branches of the dungeon, and saw 12 of its levels.

You collected 528 gold pieces.

Inventory:

Hand Weapons
 n - a cursed +3 short sword
Armour
 q - a +1 cloak (worn)
 t - a +0 robe (worn)
 B - a +0 pair of gloves (worn)
Jewellery
 e - a ring of wizardry (left hand)
 f - a +2 amulet of reflection {unknown}
 i - an uncursed ring of protection from cold
 u - a ring of ice (right hand)
 y - an uncursed amulet of magic regeneration {unknown}
Wands
 v - a wand of acid (6)
 x - a wand of scattershot (5)
Scrolls
 a - a scroll of teleportation
 d - a scroll of noise
 h - 2 scrolls of magic mapping
 l - 2 scrolls of immolation
 p - a scroll of enchant weapon
 w - 2 scrolls of enchant armour
 A - a scroll of amnesia
Potions
 j - 7 potions of flight
 k - a potion of degeneration
 m - a potion of brilliance
 r - a potion of cancellation
Books
 b - a book of Conjurations

   Spells                             Type                      Level
   a - Magic Dart                     Conjuration                  1
   b - Searing Ray                    Conjuration                  2
   c - Dazzling Spray                 Conjuration/Hexes            3
   d - Fulminant Prism                Conjuration/Hexes            4
   e - Force Lance                    Conjuration/Translocation    4
   f - Iskenderun's Mystic Blast      Conjuration                  4
 o - a book of Cantrips

   Spells                             Type                      Level
   a - Confusing Touch                Hexes                        1
   b - Animate Skeleton               Necromancy                   1
   c - Summon Small Mammal            Summoning                    1
   d - Apportation                    Translocation                1
 z - a book of Callings

   Spells                             Type                      Level
   a - Summon Small Mammal            Summoning                    1
   b - Call Imp                       Summoning                    2
   c - Call Canine Familiar           Summoning                    3
   d - Summon Guardian Golem          Hexes/Summoning              3
   e - Summon Lightning Spire         Summoning/Air                4
   f - Summon Ice Beast               Ice/Summoning                4
Comestibles
 c - 5 rations


   Skills:
 - Level 2.4 Dodging
 - Level 2.4 Stealth
 + Level 15.4 Spellcasting
 + Level 13.7 Conjurations


You had 25 spell levels left.
You knew the following spells:

 Your Spells              Type           Power        Failure   Level  Hunger
a - Mephitic Cloud        Conj/Pois/Air  #####...     1%          3    None
b - Dazzling Spray        Conj/Hex       ######       1%          3    None
c - Fulminant Prism       Conj/Hex       ######....   1%          4    None
d - Iskenderun's Mystic   Conj           ######..     1%          4    None
e - Magic Dart            Conj           ####         0%          1    None


Dungeon Overview and Level Annotations

Branches:
Dungeon (11/15)            Temple (1/1) D:5
   Lair: D:8-11         Orc: D:9-12

Altars:
Ashenzari
Cheibriados
Dithmenos
Elyvilon
Fedhas
Gozag
Hepliaklqana
Kikubaaqudgha
Makhleb
Nemelex Xobeh
Okawaru
Qazlal
Ru
Sif Muna
Trog
Uskayaw
Vehumet
Wu Jian
Xom
Yredelemnul
Zin
The Shining One

Annotations:
D:5 Edmund


Message History

Aiming: Scattershot
Press: ? - help, Shift-Dir - straight line, f/p - orc warrior
Aim: an orc warrior, wielding a hand axe and wearing a chain mail (severely wounded, blind)
The burst of metal fragments hits the orc warrior. x3
The orc warrior is severely wounded.
The orc warrior hits you with a hand axe!!
The orc warrior completely misses you.
Casting: Mephitic Cloud
Confirm with . or Enter, or press ? or * to list all spells.
Aiming: Fulminant Prism
Press: ? - help, Dir - move target cursor, p - orc warrior
Okay, then.
As you read the scroll of teleportation, it crumbles to dust.
You feel strangely unstable. The orc warrior misses you.
The orc warrior hits you from afar with a trident.
It was a potion of might.
You feel very mighty all of a sudden. The orc warrior misses you.
The orc warrior hits you from afar with a trident!!
You die...

###.### ##.....
#..## ##.... ##..#
###.. ##.### #.
#########..##
#o).oo......##
#o###+###....## #o#
#.....# ##@# #.((..#
##..# #((K..## #
#...# #(.(...# .
#...# #..!...##.
#...#######....#.K).
#.........(...###(..
#........(....# #...
#.....)......## #...
#.....>......# #.<.


You could see 3 orc warriors.

Vanquished Creatures
  The ghost of Bal the Carver, a journeyman MiFi of Hepliaklqana (D:9)
  2 two-headed ogres
  Grinder (D:6)
  2 hippogriffs
  11 yaks
  A human (D:7)
  A hungry ghost (D:7)
  4 hogs
  A water moccasin (D:9)
  3 orc warriors
  A hornet zombie (D:9)
  A black bear (D:7)
  A phantom (D:9)
  An ice beast (D:7)
  A sky beast (D:7)
  4 centaurs
  7 ogres
  A crocodile (D:11)
  3 big kobolds
  2 gnoll sergeants
  7 bullfrogs
  3 scorpions
  10 wights
  A bullfrog zombie (D:5)
  A crimson imp (D:5)
  A bullfrog skeleton (D:6)
  4 hounds
  5 orc wizards
  An orc priest (D:8)
  2 centaur skeletons (D:8)
  Ijyb (D:5)
  An iguana (D:7)
  7 worker ants
  A hound skeleton (D:5)
  A howler monkey zombie (D:7)
  A worker ant zombie (D:6)
  12 gnolls
  11 adders
  3 shadow imps
  2 oozes
  3 adder skeletons
  4 worms
  3 dart slugs
  A leopard gecko (D:1)
  36 orcs
  4 bats
  2 giant cockroaches
  9 goblins
  9 hobgoblins
  4 jackals (D:2)
  7 quokkas
  A ball python (D:5)
  2 frilled lizards
  12 kobolds
  A leopard gecko skeleton (D:6)
  10 rats
232 creatures vanquished.

Vanquished Creatures (others)
  A wizard (D:3)
  A quokka (D:7)
  68 fulminant prisms
70 creatures vanquished.

Grand Total: 302 creatures vanquished

Notes
Turn   | Place    | Note
-------+----------+-------------------------------------------
     0 | D:1      | Fakhal the Deep Elf Conjurer began the quest for the Orb.
     0 | D:1      | Reached XP level 1. HP: 10/10 MP: 6/6
   154 | D:1      | Reached XP level 2. HP: 15/15 MP: 5/8
   974 | D:2      | Reached skill level 4 in Spellcasting
   999 | D:2      | Reached skill level 5 in Conjurations
   999 | D:2      | Reached XP level 3. HP: 19/19 MP: 2/10
  1342 | D:3      | Found a bloodstained altar of Trog.
  1343 | D:3      | Noticed a wizard
  1348 | D:3      | Killed a wizard
  1512 | D:3      | Found a hide-covered altar of Uskayaw.
  1568 | D:3      | Found a snail-covered altar of Cheibriados.
  1875 | D:3      | Reached XP level 4. HP: 24/24 MP: 6/12
  2187 | D:2      | Found a shattered altar of Ashenzari.
  2443 | D:2      | Reached skill level 5 in Spellcasting
  2600 | D:2      | Found a glowing silver altar of Zin.
  3479 | D:3      | Learned a level 3 spell: Dazzling Spray
  3484 | D:3      | Learned a level 4 spell: Fulminant Prism
  3712 | D:4      | Found an iron altar of Okawaru.
  3720 | D:4      | Reached XP level 5. HP: 28/28 MP: 2/14
  3760 | D:4      | Noticed an ogre
  3814 | D:4      | Killed an ogre
  3814 | D:4      | Reached skill level 6 in Spellcasting
  3825 | D:4      | Found a stormy altar of Qazlal.
  3979 | D:4      | Found a blossoming altar of Fedhas.
  4235 | D:4      | Reached XP level 6. HP: 32/32 MP: 9/17
  4562 | D:5      | Entered Level 5 of the Dungeon
  4586 | D:5      | Learned a level 4 spell: Iskenderun's Mystic Blast
  4744 | D:5      | Found a staircase to the Ecumenical Temple.
  4749 | D:5      | Noticed Ijyb
  4910 | D:5      | Killed Ijyb
  5118 | D:5      | Reached skill level 7 in Spellcasting
  5132 | Temple   | Entered the Ecumenical Temple
  5273 | Temple   | Became a worshipper of Vehumet
  5867 | D:5      | Reached XP level 7. HP: 36/36 MP: 4/20
  5905 | D:5      | Noticed Edmund
  6394 | D:6      | Reached skill level 8 in Spellcasting
  6777 | D:6      | Noticed a yak
  6777 | D:6      | Noticed a yak
  6777 | D:6      | Noticed a yak
  6777 | D:6      | Noticed a yak
  6777 | D:6      | Noticed a yak
  6777 | D:6      | Noticed a yak
  7087 | D:6      | Reached skill level 9 in Spellcasting
  7123 | D:6      | Reached * piety under Vehumet
  7123 | D:6      | Offered knowledge of Freeze by Vehumet.
  7123 | D:6      | Reached XP level 8. HP: 41/41 MP: 3/23
  7526 | D:6      | Reached skill level 10 in Spellcasting
  7658 | D:6      | Noticed Grinder
  7720 | D:6      | Killed Grinder
  8061 | D:6      | Reached skill level 10 in Conjurations
  8063 | D:6      | Reached skill level 11 in Spellcasting
  8063 | D:6      | Reached XP level 9. HP: 45/45 MP: 0/26
  8491 | D:7      | Found a white marble altar of Elyvilon.
  8523 | D:7      | Reached skill level 12 in Spellcasting
  8912 | D:7      | Offered knowledge of Flame Tongue by Vehumet.
  8972 | D:7      | Reached ** piety under Vehumet
  9330 | D:7      | Reached skill level 13 in Spellcasting
  9596 | D:8      | Reached XP level 10. HP: 50/50 MP: 21/29
  9720 | D:8      | Found a burning altar of Makhleb.
  9969 | D:8      | Offered knowledge of Mephitic Cloud by Vehumet.
  9989 | D:8      | Noticed a two-headed ogre
 10461 | D:7      | Learned a level 3 spell: Mephitic Cloud
 10511 | D:9      | Noticed a two-headed ogre
 11049 | D:9      | Noticed Bal's ghost (journeyman MiFi)
 11056 | D:9      | Learned a level 1 spell: Magic Dart
 11089 | D:9      | Reached *** piety under Vehumet
 11221 | D:9      | Found a deep blue altar of Sif Muna.
 12102 | D:8      | Killed a two-headed ogre
 12102 | D:8      | Reached skill level 14 in Spellcasting
 12849 | D:8      | Found a sparkling altar of Nemelex Xobeh.
 13375 | D:9      | Found a hazy altar of Hepliaklqana.
 13386 | D:9      | Killed Bal's ghost
 13846 | D:9      | Killed a two-headed ogre
 13846 | D:9      | Reached skill level 15 in Spellcasting
 13846 | D:9      | Reached XP level 11. HP: 54/54 MP: 20/32
 14069 | D:9      | Found a radiant altar of Vehumet.
 14112 | D:10     | Entered Level 10 of the Dungeon
 14396 | D:10     | Offered knowledge of Sticky Flame by Vehumet.
 14753 | D:10     | Slain by an orc warrior

Skill      XL: |  1  2  3  4  5  6  7  8  9 10 |
---------------+-------------------------------+-----
Spellcasting   | 4 5 6 7 9 11 13 15 | 15.4
Conjurations   | 5 6 7 8 10 11 13 | 13.7
Dodging        | |  2.4
Stealth        | |  2.4

Action                   |  1- 3 |  4- 6 |  7- 9 | 10-12 || total
-------------------------+-------+-------+-------+-------++-------
Melee: Unarmed           |       |       |       |    17 ||    17
 Cast: Magic Dart        |    86 |   150 |    98 |    55 ||   389
       Dazzling Spray    |       |    11 |    70 |   142 ||   223
       Fulminant Prism   |       |    16 |    20 |    34 ||    70
       Iskenderun's Myst |       |       |    22 |     6 ||    28
       Mephitic Cloud    |       |       |       |     7 ||     7
Evoke: Wand              |       |     1 |       |     9 ||    10
  Use: Scroll            |       |       |     8 |    15 ||    23
       Potion            |       |       |       |     4 ||     4
  Eat: Ration            |     1 |     3 |     1 |     4 ||     9
       Chunk             |     1 |     2 |     9 |     2 ||    14
Armor: Robe              |     2 |    10 |     3 |    10 ||    25
       Skin              |       |       |       |    26 ||    26
Dodge: Dodged            |     6 |    25 |    42 |    35 ||   108
